Map: [EWC] Ghost River

Players

Cure - Winner!

  • Race: Terran Terran
  • Spawn Location: 11:00

Classic

  • Race: Protoss Protoss
  • Spawn Location: 1:00

Event: Esports World Cup 2024

VOD

Have the link to the VOD?

Description

Time

  • Played on: Aug. 15, 2024, 10 a.m.
  • Length: 10:36

All games in this series

Show
View Real Time Build Order
Export as new Build Order

Cure Terran - Winner!

Build Orders: Cyclone Opening 

Get SALT Encoding   

  12  0:00  SCV  
  13  0:12  SCV  
  14  0:17  Supply Depot  
  14  0:24  SCV  
  15  0:38  SCV  
  15  0:39  Barracks  
  16  0:42  Refinery  
  16  0:50  SCV  
  16  0:52  Refinery  
  17  1:02  SCV  
  18  1:15  SCV  
  19  1:26  Reaper  
  19  1:27  Orbital Command  
  19  1:28  Supply Depot  
  20  1:39  Factory  
  20  1:52  SCV  
  21  1:58  Reaper  
  22  2:04  SCV  
  23  2:16  SCV  
  24  2:23  Cyclone  
  24  2:25  Command Center  
  24  2:29  SCV  
  27  2:36  Supply Depot  
  28  2:43  SCV, Starport  
  28  2:47  Barracks Reactor  
  28  2:55  Widow Mine  
  28  2:56  SCV  
  31  3:08  SCV  
  32  3:17  Widow Mine  
  34  3:20  SCV  
  34  3:21  Medivac  
  36  3:29  Marine x2  
  36  3:32  SCV  
  39  3:37  Orbital Command  
  40  3:43  Factory Tech Lab  
  40  3:44  SCV  
  40  3:47  Marine x2  
  41  3:53  Starport Tech Lab  
  41  3:56  SCV  
  41  4:02  Siege Tank  
  45  4:04  Orbital Command, Supply Depot  
  45  4:07  Marine x2  
  45  4:09  SCV  
  48  4:14  Banshee  
  51  4:21  SCV  
  51  4:24  Supply Depot, Marine  
  52  4:25  Marine  
  54  4:33  SCV  
  55  4:48  Marine  
  55  4:49  Marine  
  56  4:53  Siege Tank  
  56  4:54  SCV  
  57  5:06  SCV, Marine x2  
  61  5:07  Orbital Command  
  61  5:10  Raven  
  61  5:11  Barracks  
  61  5:12  Barracks  
  60  5:19  SCV  
  61  5:24  Marine x2  
  61  5:28  Siege Tank  
  66  5:29  Supply Depot  
  66  5:31  SCV  
  66  5:32  SCV  
  68  5:43  SCV  
  68  5:44  Refinery, Engineering Bay, SCV  
  70  5:50  Marine  
  70  5:55  SCV  
  70  5:57  SCV  
  73  5:58  Supply Depot  
  73  6:01  Starport Reactor  
  73  6:07  SCV, Refinery  
  73  6:08  Stimpack  
  73  6:09  SCV, Marine x3, Factory Reactor  
  78  6:18  Terran Infantry Weapons Level 1  
  78  6:19  SCV, Marine  
  78  6:21  SCV  
  78  6:22  Supply Depot  
  78  6:24  Supply Depot  
  81  6:28  Marine x3  
  81  6:31  SCV  
  85  6:33  SCV  
  85  6:38  Supply Depot  
  86  6:43  Marine  
  86  6:44  SCV  
  86  6:45  SCV  
  89  6:47  Supply Depot, Medivac x2  
  89  6:49  Combat Shield  
  89  6:51  Command Center  
  93  6:55  Marauder  
  93  6:56  SCV, Marine  
  94  7:02  Marauder  
  94  7:05  Widow Mine x2  
  100  7:10  SCV  
  100  7:14  Barracks  
  101  7:17  Barracks  
  101  7:23  Marine x2  
  101  7:24  Marauder x2  
  101  7:25  Medivac x2  
  111  7:32  SCV x2  
  113  7:38  Supply Depot, Ghost Academy  
  113  7:42  Supply Depot, Widow Mine x2  
  117  7:45  SCV  
  118  8:00  SCV, Marauder x2  
  118  8:02  SCV  
  124  8:06  Barracks Tech Lab, Barracks Reactor  
  124  8:09  Concussive Shells  
  124  8:12  SCV  
  125  8:19  Marine x2  
  124  8:20  Medivac x2  
  124  8:22  Marauder x2  
  124  8:24  Widow Mine x2  
  136  8:27  Orbital Command  
  122  8:45  Marine x2, Marauder x2  
  122  8:46  Marine, Marauder  
  122  8:47  SCV x2  
  116  8:51  Medivac  
  114  8:59  SCV x2, Medivac  
  114  9:01  Widow Mine  
  114  9:02  SCV  
  121  9:11  SCV, Marauder x3  
  121  9:12  SCV  
  121  9:16  Marine  
  130  9:20  SCV  
  130  9:23  SCV  
  130  9:25  SCV  
  131  9:33  SCV  
  131  9:35  SCV, Ghost x3  
  131  9:36  Marine x2  
  140  9:39  SCV  
  140  9:45  SCV  
  132  9:47  SCV  
  132  9:49  Marine x2  
  132  9:50  Widow Mine x2, Medivac  
  132  9:51  SCV  
  127  9:57  SCV  
  127  9:59  SCV  
  126  10:03  SCV  
  124  10:09  SCV  
  124  10:11  SCV  
Show
View Real Time Build Order
Export as new Build Order

Classic Protoss 

Build Orders: 1 Gate Expand, Zealot Archon 

Get SALT Encoding   

  12  0:00  Probe  
  13  0:12  Probe  
  14  0:17  Pylon  
  14  0:24  Probe  
  15  0:35  Gateway  
  15  0:36  Probe (Chrono Boost)  
  16  0:46  Assimilator, Probe (Chrono Boost)  
  17  0:51  Probe (Chrono Boost)  
  18  1:03  Probe  
  19  1:21  Cybernetics Core  
  19  1:22  Zealot  
  21  1:34  Nexus  
  21  1:42  Pylon  
  21  1:44  Probe  
  22  1:53  Assimilator  
  22  1:57  Stalker (Chrono Boost)  
  22  2:01  Warp Gate (Chrono Boost), Probe  
  25  2:13  Probe  
  26  2:20  Stalker (Chrono Boost)  
  28  2:25  Probe  
  29  2:37  Probe  
  30  2:45  Stalker  
  30  2:47  Probe  
  30  2:49  Probe  
  30  2:51  Gateway  
  34  2:56  Gateway  
  34  3:02  Probe x2  
  36  3:11  Pylon  
  34  3:15  Probe x2  
  35  3:27  Probe x2  
  36  3:39  Probe x2 (Chrono Boost)  
  38  3:46  Stalker, Sentry  
  42  3:51  Probe x2 (Chrono Boost)  
  42  3:53  Stalker  
  46  4:00  Probe x2 (Chrono Boost)  
  46  4:02  Pylon  
  48  4:05  Probe  
  48  4:06  Probe  
  50  4:10  Robotics Facility  
  50  4:18  Probe x2  
  50  4:22  Twilight Council  
  52  4:26  Forge  
  54  4:34  Stalker  
  54  4:36  Stalker  
  50  4:46  Stalker  
  49  4:59  Probe x2 (Chrono Boost)  
  49  5:00  Assimilator  
  49  5:02  Assimilator  
  49  5:06  Observer  
  50  5:08  Probe x2 (Chrono Boost)  
  50  5:13  Probe x2 (Chrono Boost)  
  52  5:19  Pylon  
  54  5:22  Protoss Ground Armor Level 1 (Chrono Boost)  
  54  5:25  Probe x2  
  56  5:36  Charge  
  56  5:37  Probe x2  
  58  5:43  Gateway x2  
  58  5:47  Gateway  
  58  5:49  Observer  
  59  5:51  Probe  
  59  5:52  Probe  
  61  5:59  Pylon  
  61  6:02  Templar Archives  
  61  6:06  Probe  
  62  6:17  Zealot x3  
  62  6:18  Psionic Storm  
  67  6:21  Probe  
  67  6:23  Pylon  
  68  6:44  High Templar  
  70  6:49  High Templar  
  70  6:50  Gateway  
  72  6:56  Observer  
  72  6:58  Zealot x2  
  72  6:59  Warp Prism  
  78  7:05  High Templar  
  78  7:08  Nexus, Observer  
  80  7:10  Pylon  
  80  7:22  Observer, Protoss Ground Armor Level 2 (Chrono Boost)  
  79  7:23  Zealot x2, High Templar  
  79  7:28  Pylon  
  79  7:29  Zealot  
  87  7:40  Pylon  
  87  7:47  Zealot x3, High Templar  
  95  7:51  Archon  
  95  7:55  Probe x2  
  95  7:57  Zealot  
  99  7:58  High Templar  
  99  7:59  Pylon  
  101  8:06  Gateway  
  101  8:07  Probe  
  101  8:08  Gateway  
  102  8:16  Pylon  
  102  8:25  Zealot x3  
  102  8:26  Zealot x2  
  110  8:30  Zealot  
  81  8:51  Warp Prism (Chrono Boost)  
  81  8:53  High Templar x3  
  81  8:54  Zealot x2  
  81  8:55  Zealot  
  77  9:00  Zealot  
  75  9:03  High Templar  
  75  9:05  Probe x3  
  80  9:16  Zealot x3  
  86  9:17  Probe x3  
  86  9:23  Zealot  
  87  9:25  Zealot x2  
  87  9:29  Probe  
  88  9:35  Archon  
  88  9:36  Zealot  
  88  9:37  Zealot x2  
  94  9:42  Zealot  
  94  9:43  Zealot  
  86  9:48  Zealot x3  
  68  10:00  Zealot x3  
  68  10:06  Zealot x3  
  68  10:07  Zealot x2  
Tags
 
Add a new tag
Caveats
  • Supply blocks, unpowered buildings, or Contaminate may cause inaccurate times.
  • Supply counts are checked every 10 seconds.